 Dungeon Crawl Stone Soup version 0.30-a0-924-g0ad0bf95bc (webtiles) character file.

Game seed: 11764086279355866722

8158 BlueFish the Covert (level 11, -7/72 HPs)
             Began as an Octopode Warper on Mar 22, 2023.
             Was a Priest of Cheibriados.
             Mangled by a death yak simulacrum (19 damage)
             ... in an ice cave.
             The game lasted 00:44:12 (13515 turns).

BlueFish the Covert (Octopode Warper)              Turns: 13515, Time: 00:44:12

Health: -7/72      AC:  1    Str: 22    XL:     11   Next: 26%
Magic:  5/18       EV: 15    Int: 21    God:    Cheibriados [***...]
Gold:   158        SH:  6    Dex: 17    Spells: 11/20 levels left

rFire   . . .      SeeInvis +      - Unarmed
rCold   . . .      Faith    .    q - +0 buckler
rNeg    . . .      Spirit   .    (helmet restricted)
rPois   +          Reflect  .    (no amulet)
rElec   .          Rampage  .    n - ring of see invisible
rCorr   .                        x - ring of flight
Will    .....                    u - ring of poison resistance
Stlth   +++++                    (no ring)
HPRegen 0.32/turn                (no ring)
MPRegen 0.16/turn                (no ring)
                                 (no ring)
                                 (no ring)

@: on blink cooldown, immotile, flying, very slow
A: almost no armour, amphibious, 8 rings, camouflage 1, gelatinous body 1,
(nimble swimmer 1), tentacles
a: Renounce Religion, Bend Time, Temporal Distortion


You were in an ice cave.
You worshipped Cheibriados.
Cheibriados was most pleased with you.
You visited 2 branches of the dungeon, and saw 12 of its levels.
You also visited: Ice Cave.

You collected 605 gold pieces.
You spent 447 gold pieces at shops.

Inventory:

Missiles
 b - 7 boomerangs of dispersal
 d - 49 stones (quivered)
 i - 10 boomerangs
 o - 3 atropa-tipped darts
 s - 2 throwing nets
 v - 23 poisoned darts
Armour
 q - a +0 buckler (worn)
Jewellery
 n - a ring of see invisible (left tentacle)
 u - a ring of poison resistance (on tentacle)
 x - a ring of flight (right tentacle)
 z - a ring of protection from fire
Wands
 a - a wand of roots (6)
Scrolls
 c - a scroll of silence {unknown}
 g - 3 scrolls of teleportation {unknown}
 j - a scroll of enchant armour {unknown}
 k - 2 scrolls of vulnerability {unknown}
 l - a scroll of magic mapping
 m - a scroll of amnesia
 r - 3 scrolls of fog
 t - 3 scrolls of immolation {unknown}
 y - a scroll of torment {unknown}
Potions
 e - 2 potions of attraction
 f - 2 potions of curing
 h - 4 potions of flight
 p - a potion of might {unknown}
 w - a potion of resistance {unknown}


   Skills:
 + Level 5.5 Fighting
 + Level 5.3 Throwing
 + Level 5.6 Dodging
 + Level 9.6 Stealth
 + Level 5.1 Shields
 + Level 5.6 Unarmed Combat
 + Level 5.3 Spellcasting
 + Level 6.2 Translocations
 + Level 5.2 Invocations
 + Level 5.4 Evocations


You had 11 spell levels left.
You knew the following spells:

 Your Spells              Type           Power      Damage    Failure   Level
a - Blink                 Tloc           62%        N/A       1%          2
b - Lesser Beckoning      Tloc           62%        N/A       1%          2
c - Teleport Other        Tloc           31%        N/A       3%          3
d - Momentum Strike       Conj/Tloc      36%        3d9       5%          2

Your spell library contained the following spells:

 Spells                   Type           Power      Damage    Failure   Level
 Apportation              Tloc           62%        N/A       1%          1
 Vhi's Electric Charge    Tloc/Air       36%        N/A       11%         3
 Manifold Assault         Tloc           31%        N/A       11%         4
 Kiss of Death            Conj/Necr      20%        2d7       14%         1
 Confusing Touch          Hex            5%         N/A       38%         3
 Frozen Ramparts          Ice            10%        1d2       38%         3
 Dispel Undead            Necr           5%         3d7       80%         4
 Ice Form                 Ice/Tmut       5%         N/A       80%         4
 Summon Ice Beast         Ice/Summ       5%         N/A       80%         4
 Alistair's Intoxication  Tmut/Pois      3%         N/A       98%         5


Dungeon Overview and Level Annotations

Branches:
Dungeon (11/15)            Temple (1/1) D:6            Lair (0/5) D:8
  IceCv (1/1)
    Orc: D:9-12

Altars:
Ashenzari
Cheibriados
Dithmenos
Elyvilon
Fedhas
Gozag
Kikubaaqudgha
Makhleb
Nemelex Xobeh
Okawaru
Qazlal
Ru
Sif Muna
Trog
Uskayaw
Vehumet
Wu Jian
Xom
Yredelemnul
The Shining One

Shops:
D:3 [   D:5 *   D:8 (

Annotations:
D:4 2 runed translucent doors
Temple 2 transporters


Innate Abilities, Weirdness & Mutations

You cannot wear most types of armour.
You are amphibious.
You can wear up to eight rings at the same time.
Your skin changes colour to match your surroundings (Stealth+).
Your rubbery body absorbs attacks. (AC +1, EV +1)
((You are camouflaged when in or above water. (Stealth+)))
You have tentacles for arms and can constrict up to eight enemies at once.


Message History

You tentacle-slap the death yak simulacrum but do no damage.
The death yak simulacrum is heavily damaged.
The wolf simulacrum misses you.
The death yak simulacrum barely misses you.
The wolf simulacrum bites you. The wolf simulacrum freezes you.
You tentacle-slap the death yak simulacrum.
You squeeze the death yak simulacrum.
The death yak simulacrum is severely damaged.
The wolf simulacrum bites you.
* * * LOW HITPOINT WARNING * * *
The wolf simulacrum freezes you!
* * * LOW HITPOINT WARNING * * *
You block the death yak simulacrum's attack.
Casting: Momentum Strike (safe; 5% risk of failure)
Confirm with . or Enter, or press ? or * to list all spells.
You blink.
Found five items.
You block the wolf simulacrum's attack. The wolf simulacrum misses you.
Aiming: Fastroot
Press: ? - help, Shift-Dir - straight line, f/p - death yak simulacrum
Aim: a death yak simulacrum (severely damaged)
The roots erupt in riotous growth!
Roots grab the death yak simulacrum.
Roots grab the wolf simulacrum.
Roots grab the death yak simulacrum.
The grasping roots constrict the death yak simulacrum.
The grasping roots constrict the death yak simulacrum!
The grasping roots constrict the wolf simulacrum!
The wolf simulacrum barely misses you.
You completely miss the death yak simulacrum.
The death yak simulacrum is almost destroyed.
The grasping roots constrict the death yak simulacrum.
The death yak simulacrum vaporises!
Cheibriados appreciates the change of pace.
The grasping roots constrict the death yak simulacrum!
The grasping roots constrict the wolf simulacrum.
The wolf simulacrum vaporises!
Cheibriados thoroughly appreciates the change of pace.
You can now warp the flow of time around you.
The roots release their grip on the death yak simulacrum.
The death yak simulacrum gores you!!
You die...

###
####...##
##........
##.........
##..........
#.......8..$
#.........(.
#∩∩○○....[[©
#...@Z....?.
#.......8..?
##..........
##.........
##........
####...##
####


You could see a death yak simulacrum.

Vanquished Creatures
  A death yak (D:8)
  An elephant (D:8)
  A kobold demonologist (D:9)
  2 rime drakes (D:11)
  A troll (D:10)
  2 shadows
  2 basilisks (D:8)
  A wraith (D:9)
  A wyvern (D:9)
  3 yaks (D:8)
  A steam dragon (D:8)
  Grum (D:11)
  Menkaure (D:7)
  A death yak simulacrum (IceCv)
  An acid dragon (D:10)
  4 water moccasins
  3 black bears
  An ice beast (D:8)
  4 orc warriors
  A sky beast (D:6)
  2 ogres
  2 wolves (D:11)
  5 centaurs
  4 phantoms
  A kobold brigand (D:5)
  2 bullfrogs (D:8)
  4 scorpions (D:5)
  5 wights (D:8)
  5 jellies
  10 killer bees
  3 howler monkeys
  5 hounds
  2 sleepcaps
  6 orc priests
  Jessica (D:3)
  An iguana (D:5)
  4 orc wizards
  A wolf simulacrum (IceCv)
  11 adders
  3 shadow imps
  A white imp (D:7)
  3 ufetubi
  2 worms
  A dart slug (D:4)
  36 orcs
  9 endoplasms
  4 giant cockroaches
  3 goblins
  10 hobgoblins
  2 jackals (D:1)
  2 quokkas
  6 ball pythons
  4 bats
  3 frilled lizards
  13 kobolds
  8 rats
217 creatures vanquished.

Vanquished Creatures (others)
  21 fungi
  A plant (D:8)
22 creatures vanquished.

Grand Total: 239 creatures vanquished

Notes
Turn   | Place    | Note
-------+----------+-------------------------------------------
     0 | D:1      | BlueFish the Octopode Warper began the quest for the Orb.
     0 | D:1      | Reached XP level 1. HP: 14/14 MP: 3/3
   193 | D:1      | Reached skill level 1 in Stealth
   233 | D:1      | Reached XP level 2. HP: 19/19 MP: 5/5
   236 | D:1      | Learned a level 2 spell: Blink
   239 | D:1      | Learned a level 2 spell: Lesser Beckoning
   749 | D:1      | Reached skill level 2 in Stealth
   918 | D:2      | Reached XP level 3. HP: 24/24 MP: 6/6
  1312 | D:2      | Reached XP level 4. HP: 26/29 MP: 7/7
  1322 | D:2      | Learned a level 3 spell: Teleport Other
  1404 | D:2      | Reached skill level 3 in Stealth
  2175 | D:3      | Noticed Jessica
  2196 | D:3      | Found Hoaffir's Antique Armour Boutique.
  2264 | D:3      | Found an ornate altar of the Wu Jian Council.
  2636 | D:3      | Killed Jessica
  2660 | D:3      | Bought a buckler for 117 gold pieces
  2730 | D:4      | Reached XP level 5. HP: 35/35 MP: 8/8
  2738 | D:4      | Found a large runed translucent door.
  2739 | D:4      | Found a large runed translucent door.
  2740 | D:4      | Noticed a phantom
  2799 | D:4      | Killed a phantom
  2800 | D:4      | Reached skill level 4 in Stealth
  2869 | D:4      | Found a shimmering altar of Xom.
  2879 | D:4      | Reached XP level 6. HP: 39/41 MP: 8/10
  2882 | D:4      | Learned a level 2 spell: Momentum Strike
  2902 | D:4      | HP: 2/41 [sleepcap (21)]
  3068 | D:4      | Found a white marble altar of Elyvilon.
  3181 | D:4      | Noticed a black bear
  3190 | D:4      | Reached skill level 1 in Shields
  3828 | D:4      | Killed a black bear
  3829 | D:4      | Reached XP level 7. HP: 43/46 MP: 3/11
  3933 | D:5      | Entered Level 5 of the Dungeon
  3941 | D:5      | Reached skill level 5 in Stealth
  4343 | D:5      | Found Caun's Serpentskin Sales.
  4543 | D:5      | Reached XP level 8. HP: 52/52 MP: 9/13
  4576 | D:5      | Reached skill level 6 in Stealth
  5975 | D:5      | Reached skill level 7 in Stealth
  6713 | D:6      | Reached XP level 9. HP: 46/58 MP: 10/14
  7171 | D:6      | Found a staircase to the Ecumenical Temple.
  7180 | Temple   | Entered the Ecumenical Temple
  7180 | Temple   | Found a transporter.
  7180 | Temple   | Found a transporter.
  7182 | Temple   | Found a transporter.
  7182 | Temple   | Found a transporter.
  7197 | Temple   | Became a worshipper of Cheibriados the Contemplative
  7258 | D:6      | Reached skill level 5 in Translocations
  7275 | D:6      | Reached skill level 1 in Invocations
  7275 | D:6      | Reached skill level 1 in Evocations
  7395 | D:6      | Reached skill level 8 in Stealth
  8092 | D:7      | Found a blossoming altar of Fedhas.
  8103 | D:7      | Noticed Menkaure
  8944 | D:7      | Killed Menkaure
  9098 | D:8      | Found Doylioq's Antique Weapon Shoppe.
  9349 | D:8      | Reached XP level 10. HP: 48/65 MP: 9/16
  9923 | D:8      | Noticed an elephant
  9925 | D:8      | Noticed a death yak
  9944 | D:8      | Killed a death yak
  9945 | D:8      | Reached skill level 5 in Dodging
  9945 | D:8      | Reached skill level 5 in Unarmed Combat
 10075 | D:8      | Found a staircase to the Lair.
 10097 | D:8      | Killed an elephant
 10119 | D:8      | Reached * piety under Cheibriados
 10120 | D:8      | Reached skill level 9 in Stealth
 10379 | D:8      | You are sucked into a shaft and drop 1 floor!
 10436 | D:8      | Reached skill level 5 in Fighting
 11270 | D:5      | Bought 5 poisoned darts for 39 gold pieces
 11270 | D:5      | Bought 4 poisoned darts for 31 gold pieces
 11270 | D:5      | Bought a ring of poison resistance for 260 gold pieces
 11672 | D:9      | Reached ** piety under Cheibriados
 11892 | D:9      | Reached skill level 5 in Spellcasting
 11912 | D:9      | Noticed a kobold demonologist
 11920 | D:9      | Killed a kobold demonologist
 11945 | D:9      | Reached skill level 5 in Throwing
 12140 | D:9      | Noticed a molten gargoyle
 12469 | D:10     | Entered Level 10 of the Dungeon
 12737 | D:10     | Reached skill level 5 in Evocations
 12737 | D:10     | Reached XP level 11. HP: 72/72 MP: 15/18
 12941 | D:10     | Reached skill level 5 in Invocations
 13151 | D:10     | Noticed a wizard
 13152 | D:11     | Found a transporter.
 13306 | D:11     | Found a transporter.
 13308 | D:11     | Found a transporter.
 13308 | D:11     | Found a transporter.
 13311 | D:11     | Found a transporter.
 13311 | D:11     | Found a transporter.
 13393 | D:11     | Noticed Grum
 13400 | D:11     | Reached skill level 5 in Shields
 13467 | D:11     | Killed Grum
 13484 | D:11     | Found a frozen archway.
 13504 | IceCv    | Entered an ice cave
 13504 | IceCv    | Noticed a white ugly thing
 13515 | IceCv    | Reached *** piety under Cheibriados
 13515 | IceCv    | Mangled by a death yak simulacrum

Illustrated notes

Levels and vault maps discovered:
D:1:      minmay_arrival_diagonal_passages, layout_basic
D:2:      layout_loops_corners, hangedman_abyss_or_decor_lesser_grid
D:3:      layout_basic, nzn_wu_jian_contemplation, serial_shops,
          nicolae_diamond_shop, uniq_jessica
D:4:      due_chaos_kobolds, layout_gridville, mainiacjoe_overflow_cross_hatched
D:5:      layout_rooms, guppyfry_shop_venom
D:6:      layout_cave_pools, lemuel_temple_firewalk_b
D:7:      layout_layer_cave, mainiacjoe_overflow_alcove_2, uniq_menkaure
D:8:      layout_basic, david_lair_generic, serial_shops, nicolae_stop_n_shop_2
D:9:      layout_gridville, mainiacjoe_overflow_catwalk, hiddenorc2_lemuel,
          minivault_8
D:10:     minmay_smoke_and_mirrors, layout_rooms,
          nicolae_hepliaklqana_hazy_memory, hangedman_abyss_or_decor_passed,
          grunt_ministairs_6, hangedman_weighted_door
D:11:     layout_cave_pools, portal_ice_cave_rime, dreamdust_princess_corridor,
          serial_nicolae_subway, nicolae_sub_station_metal,
          nicolae_sub_station_stone, nicolae_sub_station_crystal, uniq_grum,
          uniq_erica, uniq_gastronok
Temple:   hellmonk_temple_divided_pantheon
IceCv:    ice_cave_statue_garden_transporter

Skill      XL: |  1  2  3  4  5  6  7  8  9 10 11 |
---------------+----------------------------------+-----
Stealth        | 1 2 3 4 5 7 8 9 |  9.6
Throwing       | 2 3 4 5 |  5.3
Dodging        | 3 4 5 |  5.6
Shields        | 1 2 3 4 5 |  5.1
Fighting       | 3 4 5 |  5.5
Unarmed Combat | 3 4 5 |  5.6
Spellcasting   | 3 4 5 |  5.3
Translocations | 4 5 6 |  6.2
Invocations    | 2 4 5 |  5.2
Evocations     | 3 5 |  5.4

Action                     |  1- 3 |  4- 6 |  7- 9 | 10-12 || total
---------------------------+-------+-------+-------+-------++-------
  Melee: Unarmed           |    69 |   108 |   230 |   223 ||   630
         Constrict         |    19 |    25 |    37 |    34 ||   115
         Punch             |     2 |     6 |     5 |    10 ||    23
         Tentacles         |    16 |    28 |    53 |    62 ||   159
  Throw: Dart              |       |     9 |    13 |    12 ||    34
         Stone             |       |     6 |    13 |    22 ||    41
         Boomerang         |       |    11 |    11 |     3 ||    25
   Cast: Momentum Strike   |       |     3 |    45 |    48 ||    96
         Blink             |       |     2 |     5 |     1 ||     8
         Teleport Other    |       |     1 |     5 |    16 ||    22
         Lesser Beckoning  |       |       |     4 |    11 ||    15
  Evoke: Wand              |       |       |     6 |     3 ||     9
    Use: Scroll            |       |     4 |     8 |     5 ||    17
         Potion            |       |     1 |     3 |     1 ||     5
   Stab: Sleeping          |     7 |     9 |     5 |     2 ||    23
 Armour: Skin              |     7 |    19 |    15 |     8 ||    49
  Dodge: Dodged            |    43 |    46 |   152 |   166 ||   407
  Block: Buckler           |       |     5 |    43 |    65 ||   113

Table legend: (Time is in decaauts)
 A = Elapsed time spent in this place.
 B = Non-inter-level travel time spent in this place.
 C = Inter-level travel time spent in this place.
 D = Time resting spent in this place.
 E = Time spent auto-exploring this place.
 F = Levels seen in this place.
 G = Mean time per level.
                   A        B        C        D        E       F      G
               +--------+--------+--------+--------+--------+-----+--------+
         Total |  14391 |  13545 |    846 |   1573 |   9342 |  13 | 1107.0 |
       Dungeon |  14346 |  13500 |    846 |   1573 |   9341 |  11 | 1304.2 |
        Temple |     34 |     34 |      0 |      0 |      1 |   1 |   34.0 |
      Ice Cave |     10 |     10 |      0 |      0 |      0 |   1 |   10.0 |
               +--------+--------+--------+--------+--------+-----+--------+

Top non-repeatable levels by time:
     D:8: 2704 daAuts
     D:5: 2186 daAuts
     D:4: 1752 daAuts
     D:6: 1480 daAuts
     D:7: 1405 daAuts
     D:2: 1014 daAuts
     D:9: 936 daAuts
     D:1: 910 daAuts
    D:10: 783 daAuts
     D:3: 776 daAuts
    D:11: 395 daAuts
  Temple: 34 daAuts
   IceCv: 10 daAuts
